 Dungeon Crawl Stone Soup version 0.32-a0-699-g1ee5eff69a (webtiles) character file.

Game seed: 9362892440285100421

2621 BeKind the Caller (level 9, -1/58 HPs)
             Began as an Octopode Summoner on Mar 14, 2024.
             Was an Initiate of Hepliaklqana.
             Slain by a killer bee (6 damage)
             ... on level 8 of the Dungeon.
             The game lasted 00:21:08 (7174 turns).

BeKind the Caller (Octopode Summoner)               Turns: 7174, Time: 00:21:09

Health: -1/58      AC:  1    Str:  7      XL:     9   Next: 60%
Magic:  20/25      EV: 12    Int: 21 (22) God:    Hepliaklqana [......]
Gold:   324        SH:  4    Dex:  9 (12) Spells: 8/18 levels left

rFire   . . .        y - +7 sling "Raxtozxu" {speed, rN++}
rCold   . . .        n - +0 buckler
rNeg    + + .        (helmet restricted)
rPois   .            p - amulet of regeneration
rElec   .            g - ring of magical power
rCorr   +            o - ring of resist corrosion
SInv    .            (no ring)
Will    .....        (no ring)
Stlth   +++          (no ring)
HPRegen 1.09/turn    (no ring)
MPRegen 0.19/turn    (no ring)
                     (no ring)

%: no passive effects
@: lethally poisoned (-1 -> -7), studying Long Blades, inugami summoned
A: almost no armour, amphibious, 8 rings, camouflage 1, gelatinous body 1,
(nimble swimmer 1), tentacles, deterioration 1, mutation resistance 1
a: Renounce Religion


You were on level 8 of the Dungeon.
You worshipped Hepliaklqana.
Hepliaklqana was noncommittal.
You visited 2 branches of the dungeon, and saw 9 of its levels.

You collected 324 gold pieces.

Inventory:

Hand Weapons
 e - a +0 dagger
 y - the +7 sling "Raxtozxu" (weapon) {speed, rN++}
   (You found it on level 7 of the Dungeon)

   rN++:      It greatly protects you from negative energy.
Missiles
 A - a throwing net
Armour
 n - a +0 buckler (worn)
Jewellery
 g - a ring of magical power (left tentacle)
 o - a ring of resist corrosion (right tentacle)
 p - an amulet of regeneration (around mantle)
Wands
 i - a wand of charming (6)
 m - a wand of flame (36)
 r - a wand of warping (5)
 z - a wand of acid (13)
Scrolls
 d - 2 scrolls of amnesia
 f - 2 scrolls of enchant weapon {unknown}
 h - 2 scrolls of summoning {unknown}
 j - a scroll of noise
 l - a scroll of silence
 s - 3 scrolls of torment {unknown}
 t - a scroll of brand weapon {unknown}
 u - a scroll of immolation {unknown}
 w - a scroll of enchant armour {unknown}
Potions
 a - a potion of magic
 c - a potion of mutation
 k - a potion of curing {unknown}
 v - a potion of brilliance {unknown}
 x - a potion of lignification {unknown}


   Skills:
 + Level 3.8 Fighting
 + Level 1.3 Ranged Weapons
 + Level 5.8 Dodging
 - Level 3.0 Stealth
 - Level 6.0 Shields
 + Level 5.2 Spellcasting
 + Level 6.5 Summonings
 - Level 4.0 Air Magic


You had 8 spell levels left.
You knew the following spells:

 Your Spells              Type           Power      Damage    Failure   Level
a - Summon Small Mammal   Summ           100%       N/A       1%          1
b - Call Canine Familiar  Summ           33%        N/A       3%          3
c - Call Imp              Summ           66%        N/A       1%          2
d - Summon Lightning Spi  Summ/Air       27%        N/A       19%         4

Your spell library contained the following spells:

 Spells                   Type           Power      Damage    Failure   Level
 Summon Blazeheart Golem  Fire/Summ      19%        N/A       38%         4
 Tukima's Dance           Hex            5%         N/A       43%         3
 Dimensional Bullseye     Hex/Tloc       2%         N/A       85%         4
 Iskenderun's Mystic Bla  Conj/Tloc      5%         2d3       85%         4


Dungeon Overview and Level Annotations

Branches:
Dungeon (8/15)             Temple (1/1) D:7
   Lair: D:8-11

Altars:
Ashenzari
Cheibriados
Dithmenos
Elyvilon
Fedhas
Gozag
Hepliaklqana
Kikubaaqudgha
Makhleb
Nemelex Xobeh
Okawaru
Qazlal
Ru
Sif Muna
Trog
Uskayaw
Vehumet
Wu Jian
Xom
Yredelemnul
Zin
The Shining One

Shops:
D:2 ==:*   D:3 [

Annotations:
D:3 1 transporter, jamsaran's ghost, amateur DgAl


Innate Abilities, Weirdness & Mutations

You cannot wear most types of armour.
You are amphibious.
You can wear up to eight rings at the same time.
Your skin changes colour to match your surroundings (Stealth+).
Your rubbery body absorbs attacks. (AC +1, EV +1)
((You are camouflaged when in or above water. (Stealth+)))
You have tentacles for arms and can constrict up to eight enemies at once.
Your body sometimes deteriorates upon taking damage.
You are somewhat resistant to further mutation.


Message History

Your cerulean imp closely misses the killer bee.
Your inugami barely misses the killer bee.
As you read the scroll of fear, it crumbles to dust.
You assume a fearsome visage.
The killer bee looks frightened! x3
* * * LOW HITPOINT WARNING * * *
You feel very sick.
Your inugami misses the killer bee.
You feel much better.
You feel very sick.
You feel very sick.
You feel very sick.
You feel sick.
You feel sick.
There is a stone staircase leading up here.
You are too injured to fight recklessly!
You feel sick.
You feel sick.
You feel sick.
The killer bee closely misses your inugami. x2
You feel sick.
The killer bee barely misses your inugami.
The killer bee stings your inugami but does no damage.
Your inugami completely misses the killer bee.
You are too injured to fight recklessly!
You swap places.
You feel sick. The killer bee barely misses you. The killer bee stings you.
You are more poisoned.
The killer bee poisons you!
You feel sick. The killer bee stings you!
* * * LOW HITPOINT WARNING * * *
You are lethally poisoned!
The killer bee poisons you!
Your cerulean imp misses the killer bee.
Your inugami barely misses the killer bee.
There is a stone staircase leading up, spattered with blood here.
* * * LOW HITPOINT WARNING * * *
You feel very sick. The killer bee stings you.
You die...
Hepliaklqana delivers you to your ancestors.

# .##
###########...#
#.......@y.#
####......hy..#
.......<...5..#
.###...........y.
........$.)...###..
..)...........#
####..........#
#..........#
#..........#


You could see 3 killer bees, a friendly cerulean imp (summoned) and a friendly
inugami (summoned).

Vanquished Creatures
  A steam dragon (D:7)
  An ice beast (D:5)
  A phantom (D:5)
  2 scorpions
  4 wights
  3 hounds
  An orc priest (D:4)
  A bombardier beetle (D:5)
  5 iguanas
  A jelly (D:6)
  2 sleepcaps (D:5)
  2 gnoll boudas
  2 orc wizards
  5 gnolls
  3 adders
  2 white imps (D:7)
  7 orcs
  3 ball pythons
  5 endoplasms
  7 giant cockroaches
  2 goblins
  9 hobgoblins
  A jackal (D:1)
  8 kobolds
  2 quokkas
  3 bats
  4 frilled lizards
  6 rats
93 creatures vanquished.

Vanquished Creatures (collateral kills)
  3 ice beasts
  A centaur (D:6)
  A phantom (D:4)
  A kobold brigand (D:6)
  A bullfrog (D:6)
  A gnoll sergeant (D:7)
  A scorpion (D:4)
  5 wights
  A howler monkey (D:4)
  A bombardier beetle (D:5)
  A hound (D:4)
  A jelly (D:4)
  2 sleepcaps (D:6)
  2 iguanas (D:4)
  12 gnolls
  4 adders
  3 white imps (D:5)
  A dart slug (D:5)
  A ribbon worm (D:3)
  15 orcs
  2 ball pythons
  2 endoplasms
  A hobgoblin (D:3)
  A jackal (D:1)
  A kobold (D:6)
  A frilled lizard (D:2)
66 creatures vanquished.

Grand Total: 159 creatures vanquished

Notes
Turn   | Place    | Note
-------+----------+-------------------------------------------
     0 | D:1      | BeKind the Octopode Summoner began the quest for the Orb.
     0 | D:1      | Reached XP level 1. HP: 11/11 MP: 3/3
   109 | D:1      | Reached XP level 2. HP: 6/17 MP: 1/5
   412 | D:1      | Reached XP level 3. HP: 15/21 MP: 6/6
  1110 | D:1      | Learned a level 3 spell: Call Canine Familiar
  1208 | D:2      | Reached XP level 4. HP: 27/27 MP: 3/8
  1282 | D:2      | Found a transporter.
  1284 | D:2      | Found Jaeho's Jewellery Shop.
  1327 | D:2      | Found a transporter.
  1334 | D:2      | Found Aduic's Book Emporium.
  1390 | D:2      | Found Lerchoc's Jewellery Boutique.
  1476 | D:2      | Found Epsoerotz's General Store.
  1607 | D:2      | Learned a level 2 spell: Call Imp
  1964 | D:3      | Found Rixipuakh's Armour Shoppe.
  2085 | D:3      | Reached XP level 5. HP: 15/31 MP: 9/9
  2623 | D:3      | Found a stormy altar of Qazlal.
  2625 | D:3      | Found a basalt altar of Yredelemnul.
  2803 | D:3      | Reached skill level 1 in Shields
  2838 | D:3      | Noticed jamsaran's ghost (amateur DgAl)
  2839 | D:3      | Found a transporter.
  3024 | D:4      | Reached XP level 6. HP: 36/36 MP: 10/10
  3121 | D:4      | Reached skill level 5 in Summonings
  3252 | D:4      | Learned a level 4 spell: Summon Lightning Spire
  3554 | D:4      | Reached XP level 7. HP: 39/41 MP: 12/12
  3618 | D:4      | Reached skill level 1 in Air Magic
  4062 | D:5      | Entered Level 5 of the Dungeon
  4217 | D:5      | Reached skill level 1 in Fighting
  4312 | D:5      | Found a sacrificial altar of Ru.
  4312 | D:5      | Found a glowing golden altar of the Shining One.
  4407 | D:5      | Reached XP level 8. HP: 24/48 MP: 14/14
  5089 | D:5      | Gained mutation: Your body sometimes deteriorates upon
                  | taking damage. [potion of mutation]
  5089 | D:5      | Gained mutation: You are somewhat resistant to further
                  | mutation. [potion of mutation]
  5380 | D:6      | Reached skill level 5 in Shields
  5386 | D:6      | Reached skill level 5 in Dodging
  5577 | D:6      | Reached XP level 9. HP: 55/55 MP: 16/16
  6304 | D:7      | Reached skill level 5 in Spellcasting
  6311 | D:7      | Identified the +7 sling "Raxtozxu" {speed, rN++}
  6589 | D:7      | Reached skill level 1 in Ranged Weapons
  6895 | D:7      | Found a staircase to the Ecumenical Temple.
  6905 | Temple   | Entered the Ecumenical Temple
  7058 | Temple   | Became a worshipper of Hepliaklqana the Forgotten
  7174 | D:8      | Slain by a killer bee

Illustrated notes

Levels and vault maps discovered:
D:1:      ebering_trefoil_twist, layout_basic
D:2:      layout_rooms, serial_shops, shop, shop, nicolae_shop_drivethru, shop
D:3:      wander_river, layout_loops_ring,
          chequers_temple_overflow_statue_of_worship, serial_shops,
          nicolae_shop_real_fake_doors, gammafunk_ghost_mausoleum,
          chequers_avenue, hex_medium, kennysheep_minor_cross,
          palyth_stone_intersect
D:4:      layout_basic
D:5:      layout_loops_ring, gammafunk_temple_overflow_elements,
          ebering_dispersal_statue_hall, minmay_manual_maat
D:6:      wad_pebble_path, layout_cave_pools
D:7:      layout_rooms, minmay_temple_entry_grid
D:8:      layout_rooms, minmay_guarded_unrand_variability, uniq_grum,
          uniq_joseph, uniq_erica
Temple:   dpeg_five_rooms_temple

Skill      XL: |  1  2  3  4  5  6  7  8  9 |
---------------+----------------------------+-----
Stealth        | 3 |  3.0
Dodging        | 3 4 5 |  5.8
Spellcasting   | 3 4 5 |  5.2
Shields        | 2 3 4 5 6 |  6.0
Summonings     | 5 6 |  6.5
Air Magic      | 2 3 4 |  4.0
Fighting       | 1 2 3 |  3.8
Ranged Weapons | 1 |  1.3

Action                     |  1- 3 |  4- 6 |  7- 9 || total
---------------------------+-------+-------+-------++-------
  Melee: Unarmed           |    15 |       |       ||    15
         Constrict         |    18 |    25 |    30 ||    73
         Tentacles         |    11 |    10 |    36 ||    57
         Dagger            |    36 |    58 |   131 ||   225
   Fire: Sling             |       |       |    32 ||    32
   Cast: Summon Small Mamm |    21 |    23 |    49 ||    93
         Call Canine Famil |     1 |    12 |    34 ||    47
         Call Imp          |       |     8 |    38 ||    46
         Summon Lightning  |       |       |     1 ||     1
    Use: Scroll            |       |       |     7 ||     7
         Potion            |       |       |     4 ||     4
   Stab: Sleeping          |     4 |     5 |     1 ||    10
         Distracted        |       |       |     2 ||     2
 Armour: Skin              |    27 |    28 |   143 ||   198
  Dodge: Dodged            |    26 |    44 |   116 ||   186
  Block: Buckler           |       |     9 |    50 ||    59

Table legend: (Time is in decaauts)
 A = Elapsed time spent in this place.
 B = Non-inter-level travel time spent in this place.
 C = Inter-level travel time spent in this place.
 D = Time resting spent in this place.
 E = Time spent auto-exploring this place.
 F = Levels seen in this place.
 G = Mean time per level.
                   A        B        C        D        E       F      G
               +--------+--------+--------+--------+--------+-----+--------+
         Total |   7187 |   6598 |    589 |      9 |   4961 |   9 |  798.6 |
       Dungeon |   6969 |   6596 |    373 |      9 |   4961 |   8 |  871.1 |
        Temple |    218 |      2 |    216 |      0 |      0 |   1 |  218.0 |
               +--------+--------+--------+--------+--------+-----+--------+

Top non-repeatable levels by time:
     D:5: 1263 daAuts
     D:4: 1123 daAuts
     D:1: 1104 daAuts
     D:3: 1038 daAuts
     D:6: 872 daAuts
     D:2: 798 daAuts
     D:7: 746 daAuts
  Temple: 218 daAuts
     D:8: 23 daAuts
